 Dungeon Crawl Stone Soup version 0.27.1-3-gb3d3a73c9e (webtiles) character file.

Game seed: 7504732247504254866

9 Descartes the Sneak (level 2, 0/12 HPs)
             Began as a Felid Wanderer on Oct 8, 2021.
             Slain by a quokka (5 damage)
             ... on level 1 of the Dungeon.
             The game lasted 00:01:15 (742 turns).

Descartes the Sneak (Felid Wanderer)                 Turns: 742, Time: 00:01:16

Health: 0/12       AC:  1    Str:  8    XL:     2   Next: 3%
Magic:  3/6        EV: 16    Int: 12    God:
Gold:   62         SH:  0    Dex: 16    Spells: 4/5 levels left
                                        Lives:  0   Deaths: 0

rFire    . . .     SeeInvis +     - Unarmed
rCold    . . .     Faith    .   (shield unavailable)
rNeg     . . .     Spirit   .   (armour unavailable)
rPois    .         Reflect  .   (helmet unavailable)
rElec    .         Harm     .   (cloak unavailable)
rCorr    .         Rampage  .   (gloves unavailable)
Will     .....                  (boots unavailable)
Stlth    +++.......             (no amulet)
HPRegen  0.04/turn              (no ring)
MPRegen  0.10/turn              (no ring)

@: appendages (expiring), quick
A: horns 2, very small, claws 1, fangs 3, see invisible, speed 1, shaggy fur 1,
stealthy paws, no weapons or thrown items, no armour, multi-lived
a: End Transformation


You were on level 1 of the Dungeon.
You had temporarily grown beastly horns.
You visited 1 branch of the dungeon, and saw 1 of its levels.

You collected 62 gold pieces.

Inventory:

Scrolls
 c - 2 scrolls of identify {unknown}
 d - a scroll of blinking {unknown}
Potions
 a - a potion of lignification
 b - a potion of curing


   Skills:
 - Level 1.0 Fighting
 + Level 1.3 Dodging
 + Level 5.9 Stealth
 + Level 1.2 Unarmed Combat
 - Level 2.0 Spellcasting
 + Level 1.2 Transmutations


You had 4 spell levels left.
You knew the following spells:

 Your Spells              Type           Power      Damage    Failure   Level
a - Beastly Appendage     Tmut           8%         N/A       17%         1

Your spell library contained the following spells:

 Spells                   Type           Power      Damage    Failure   Level
 Wereblood                Tmut           4%         N/A       26%         2
 Spider Form              Tmut/Pois      1%         N/A       54%         3
 Ice Form                 Ice/Tmut       2%         N/A       91%         4


Dungeon Overview and Level Annotations

Branches:
Dungeon (1/15)

Altars:


Innate Abilities, Weirdness & Mutations

You have temporarily grown beastly horns.
You have sharp claws.
You have razor-sharp teeth.
You have supernaturally acute eyesight. (SInv)
You cover ground quickly. (Speed+)
You are covered in fur. (AC +1)
Your paws help you pounce on unaware monsters.
You are incapable of wielding weapons or throwing items.
You cannot wear armour.
You gain extra lives every three experience levels.


Message History

The frilled lizard bites you.
You barely miss the frilled lizard. The frilled lizard barely misses you.
The bat hits you but does no damage.
You scratch the bat but do no damage. The bat closely misses you.
The bat hits you. The frilled lizard bites you.
You are too injured to fight recklessly!
You are too injured to fight recklessly!
You are too injured to fight recklessly!
Unknown command.
The bat closely misses you.
Casting: Beastly Appendage (safe; 17% risk of failure)
Confirm with . or Enter, or press ? or * to list all spells.
You miscast Beastly Appendage.
You are very lightly contaminated with residual magic.
Nothing appears to happen.
You miss the frilled lizard. The frilled lizard closely misses you.
You scratch the frilled lizard.
You kill the frilled lizard!
The bat hits you.
You closely miss the bat. Your headbutt misses the bat.
Your horns disappear.
The bat barely misses you. x2
You miss the bat. The bat hits you.
You completely miss the quokka. Your bite misses the quokka.
The quokka completely misses you. The quokka closely misses you.
Casting: Beastly Appendage (safe; 17% risk of failure)
Confirm with . or Enter, or press ? or * to list all spells.
You grow a pair of large bovine horns.
The quokka closely misses you.
You scratch the quokka but do no damage.
The quokka closely misses you.
Your magical contamination has completely faded away.
You scratch the quokka. Your headbutt misses the quokka.
Your bite misses the quokka.
The quokka is almost dead.
Your transformation is almost over.
The quokka barely misses you.
You miss the quokka. Your bite misses the quokka.
The quokka is almost dead.
The quokka bites you.
You die...

)......... .....
.....##... ...
.......### ...
.......... ...
.#####.## #.# #.##
#.# #..# #.# ##..
#@# ### ########r#
#.......b## #.
#......#..## .#
#......#...####.# .
#......##...##.. #.
#......##...##.#
.###
#...........##.####
..#
#.....#####.......#
#>#


You could see a quokka and a bat.

Vanquished Creatures
  2 ball pythons (D:1)
  An endoplasm (D:1)
  A giant cockroach (D:1)
  A hobgoblin (D:1)
  A bat (D:1)
  2 frilled lizards (D:1)
8 creatures vanquished.

Notes
Turn   | Place    | Note
-------+----------+-------------------------------------------
     0 | D:1      | Descartes the Felid Wanderer began the quest for the Orb.
     0 | D:1      | Descartes set off with the following items: a potion of
                  | lignification, a potion of curing; and the following spell
                  | memorised: Beastly Appendage; and the following spells
                  | available to memorise: Wereblood, Spider Form, Ice Form
     0 | D:1      | Reached XP level 1. HP: 9/9 MP: 4/4
   260 | D:1      | Found a faded altar of an unknown god.
   728 | D:1      | Reached XP level 2. HP: 11/12 MP: 4/6
   742 | D:1      | Slain by a quokka

Illustrated notes

Levels and vault maps discovered:
D:1:      nicolae_arrival_washed_ashore, layout_rooms,
          hellmonk_ecumenical_altar_lost_god

Action                   || total
-------------------------++-------
Melee: Unarmed           ||    34
       Headbutt          ||     3
       Bite              ||     2
 Cast: Beastly Appendage ||     9
 Stab: Sleeping          ||     2
Armor: Skin              ||     3
Dodge: Dodged            ||    27
